 Dungeon Crawl Stone Soup version 0.29.0-11-gd7f09526c8 (webtiles) character file.

Game seed: 6491493166526939099

591 Strat the Ruffian (level 7, -2/55 HPs)
             Began as a Ghoul Enchanter on Sept 6, 2022.
             Slain by a gnoll
             ... wielding a +0 club
             ... led by a gnoll bouda
              (4 damage)
             ... on level 5 of the Dungeon.
             The game lasted 00:07:38 (4600 turns).

Strat the Ruffian (Ghoul Enchanter)                 Turns: 4600, Time: 00:07:39

Health: -2/55      AC: 11    Str: 14    XL:     7   Next: 39%
Magic:  8/8        EV: 10    Int: 10    God:
Gold:   203        SH:  0    Dex:  9    Spells: 9/9 levels left

rFire   . . .      SeeInvis .   a - +2 short sword (drain)
rCold   + . .      Faith    .   (no shield)
rNeg    + + +      Spirit   .   H - +2 ring mail {rN+}
rPois   ∞          Reflect  .   A - +0 helmet
rElec   .          Harm     .   w - +2 cloak
rCorr   .          Rampage  .   (no gloves)
Will    .....                   (no boots)
Stlth   +.........              (no amulet)
HPRegen 0.00/turn               (no ring)
MPRegen 0.11/turn               (no ring)

@: inhibited regen, invisible
A: claws 1, cold resistance 1, negative energy resistance 3, inhibited
regeneration, torment resistance 2, devour on kill
a: no special abilities


You were on level 5 of the Dungeon.
You visited 1 branch of the dungeon, and saw 5 of its levels.

You collected 203 gold pieces.

Inventory:

Hand Weapons
 a - a +2 short sword of draining (weapon)
 l - a +1 dagger
Missiles
 G - 3 poisoned darts (quivered)
 I - 3 silver boomerangs
Armour
 w - a +2 cloak (worn)
 y - a +0 ring mail
 A - a +0 helmet (worn)
 H - a +2 ring mail of positive energy (worn)
Wands
 n - a wand of flame (5)
 C - a wand of charming (8)
Scrolls
 b - 3 scrolls of immolation {unknown}
 d - 3 scrolls of magic mapping {unknown}
 e - 4 scrolls of identify {unknown}
 f - 4 scrolls of teleportation {unknown}
 g - 2 scrolls of fog {unknown}
 k - 2 scrolls of amnesia {unknown}
 m - a scroll of brand weapon {unknown}
 o - 6 scrolls of enchant weapon {unknown}
 p - 2 scrolls of poison {unknown}
 q - 4 scrolls of noise {unknown}
 s - 3 scrolls of fear {unknown}
 t - a scroll of summoning {unknown}
 z - a scroll of enchant armour {unknown}
 B - a scroll of blinking {unknown}
 D - a scroll of torment {unknown}
Potions
 c - 2 potions of invisibility
 h - 2 potions of degeneration {unknown}
 i - 4 potions of ambrosia {unknown}
 j - 3 potions of haste {unknown}
 r - a potion of flight {unknown}
 u - a potion of resistance {unknown}
 v - 2 potions of curing {unknown}
 x - a potion of might {unknown}
 E - a potion of cancellation {unknown}
 F - a potion of mutation {unknown}


   Skills:
 - Level 2.0 Fighting
 - Level 0.8 Short Blades
 - Level 3.0 Armour
 - Level 1.7 Dodging
 - Level 3.2 Stealth
 + Level 7.0 Unarmed Combat
 - Level 1.7 Spellcasting
 - Level 2.4 Hexes


You had 9 spell levels left.
You didn't know any spells.
Your spell library contained the following spells:

 Spells                   Type           Power      Damage    Failure   Level
 Slow                     Hex            20%        N/A       24%         1
 Ensorcelled Hibernation  Hex/Ice        6%         N/A       52%         2
 Confusing Touch          Hex            5%         N/A       56%         3
 Tukima's Dance           Hex            5%         N/A       56%         3
 Dazzling Flash           Conj/Hex       6%         N/A       75%         3
 Gell's Gravitas          Tloc           0%         N/A       88%         3
 Teleport Other           Tloc           0%         N/A       88%         3
 Vampiric Draining        Necr           0%         2d6       88%         3
 Airstrike                Air            0%         2d(0-16)  99%         4
 Summon Lightning Spire   Summ/Air       0%         N/A       99%         4
 Lightning Bolt           Conj/Air       0%         1d11      100%        5
 Dispersal                Tloc           0%         N/A       100%        6


Dungeon Overview and Level Annotations

Branches:
Dungeon (5/15)
 Temple: D:4-7

Altars:
Cheibriados
Makhleb
Nemelex Xobeh
Vehumet
Wu Jian

Shops:
D:2 :

Annotations:
D:4 Eustachio, Grinder


Innate Abilities, Weirdness & Mutations

You are immune to poison.
You have sharp fingernails.
Your flesh is cold resistant. (rC+)
You are immune to negative energy. (rN+++)
You do not regenerate when monsters are visible.
You are immune to unholy pain and torment.
You thrive by killing the living.


Message History

The gnoll hits you with a +0 club.
* * * LOW HITPOINT WARNING * * *
The gnoll bouda barely misses you.
Things that are here:
a +0 flail; a +0 ring mail; a gnoll corpse Unknown command.
You hit the gnoll bouda but do no damage.
The gnoll bouda is lightly wounded.
The gnoll barely misses you. The gnoll hits you with a +0 club.
* * * LOW HITPOINT WARNING * * *
The gnoll bouda hits you with a +0 whip.
* * * LOW HITPOINT WARNING * * *
You closely miss the gnoll bouda.
The gnoll bouda is lightly wounded.
The gnoll barely misses you. The gnoll closely misses you.
The gnoll bouda completely misses you.
You hit the gnoll bouda.
The gnoll bouda is moderately wounded.
The gnoll hits you with a +0 club.
* * * LOW HITPOINT WARNING * * *
The gnoll barely misses you.
The gnoll bouda hits you with a +0 whip.
* * * LOW HITPOINT WARNING * * *
The gnoll hits you with a +0 club.
* * * LOW HITPOINT WARNING * * *
The gnoll bouda barely misses you. The gnoll hits you with a +0 club.
* * * LOW HITPOINT WARNING * * *
You hit the gnoll but do no damage.
The gnoll is no longer moving quickly.
The gnoll bouda barely misses you. The gnoll hits you with a +0 club.
* * * LOW HITPOINT WARNING * * *
You hit the gnoll.
The gnoll is lightly wounded.
The gnoll bouda closely misses you.
The gnoll hits you but does no damage. x2
You closely miss the gnoll.
The gnoll is lightly wounded.
The gnoll is no longer moving quickly.
The gnoll hits you but does no damage.
You hit the gnoll bouda but do no damage.
The gnoll bouda is moderately wounded.
The gnoll hits you but does no damage. The gnoll hits you with a +0 club.
You die...

....###..###............###
...#.#.g.# ##.##...#......#
...#.....# #####.##.#..###
........## #########
.......l.# ..#....g.#
........?####
.....?..##g.##
.#..!....)g@.#
##.?....#g.## #......####
#....### ##..# ##. ##


You could see a gnoll bouda (unable to see you) and 2 gnolls.

Vanquished Creatures
  An ogre (D:4)
  A necrophage (D:4)
  A scorpion (D:4)
  A howler monkey (D:4)
  A hound (D:4)
  A jelly (D:5)
  3 iguanas
  7 adders
  2 gnolls
  3 worms
  3 dart slugs
  11 orcs
  8 endoplasms
  8 giant cockroaches
  10 goblins
  9 hobgoblins
  2 jackals (D:2)
  A quokka (D:2)
  8 ball pythons
  7 bats
  A frilled lizard (D:3)
  10 kobolds
  8 rats
107 creatures vanquished.

Vanquished Creatures (others)
  A plant (D:5)
1 creature vanquished.

Grand Total: 108 creatures vanquished

Notes
Turn   | Place    | Note
-------+----------+-------------------------------------------
     0 | D:1      | Strat the Ghoul Enchanter began the quest for the Orb.
     0 | D:1      | Reached XP level 1. HP: 14/14 MP: 2/2
   117 | D:1      | Reached skill level 1 in Fighting
   117 | D:1      | Reached skill level 1 in Unarmed Combat
   140 | D:1      | Reached XP level 2. HP: 17/23 MP: 3/3
   575 | D:1      | Reached skill level 2 in Unarmed Combat
   721 | D:1      | Reached XP level 3. HP: 28/28 MP: 4/4
  1307 | D:1      | Reached skill level 3 in Unarmed Combat
  1886 | D:2      | Reached XP level 4. HP: 35/35 MP: 5/5
  2089 | D:2      | Reached skill level 4 in Unarmed Combat
  2241 | D:2      | Found Gisi's Book Emporium.
  2323 | D:2      | Found a faded altar of an unknown god.
  2715 | D:3      | Reached XP level 5. HP: 36/40 MP: 6/6
  2787 | D:3      | Found a sparkling altar of Nemelex Xobeh.
  2787 | D:3      | Found a radiant altar of Vehumet.
  2787 | D:3      | Found a snail-covered altar of Cheibriados.
  2817 | D:3      | Reached skill level 5 in Unarmed Combat
  3288 | D:4      | Noticed a phantom
  3442 | D:4      | Found an ornate altar of the Wu Jian Council.
  3442 | D:4      | Found a burning altar of Makhleb.
  3479 | D:4      | Reached skill level 1 in Armour
  3526 | D:4      | Reached XP level 6. HP: 42/48 MP: 7/7
  3899 | D:4      | Noticed Eustachio
  3965 | D:4      | Noticed Grinder
  4038 | D:4      | Reached skill level 6 in Unarmed Combat
  4160 | D:4      | Reached XP level 7. HP: 48/55 MP: 8/8
  4437 | D:5      | Entered Level 5 of the Dungeon
  4584 | D:5      | Reached skill level 7 in Unarmed Combat
  4597 | D:5      | HP: 2/55 [gnoll/+0 club[a gnoll bouda] (3)]
  4600 | D:5      | Slain by a gnoll

Illustrated notes

Levels and vault maps discovered:
D:1:      elethiomel_arrival_infinity_welcomes_careful_drivers, layout_basic,
          minmay_unequal
D:2:      layout_loops_cross, serial_shops, nicolae_shop_hallway_plus,
          shapermc_ecumenical_altar_venn, minmay_fractal_squares_gapless_5
D:3:      layout_basic, grunt_temple_overflow_open, serial_forest,
          infiniplex_forest_lined_3_way, infiniplex_forest_corner_2,
          infiniplex_forest_clump_large, infiniplex_forest_lined_room_2,
          infiniplex_forest_clump_diagonal, infiniplex_forest_lined_room_2,
          minmay_joined_circles
D:4:      layout_basic, gammafunk_temple_overflow_claw,
          kennysheep_windowed_goal, uniq_grinder, uniq_eustachio
D:5:      layout_cave_pools, minmay_temple_entry_overgrown,
          supply_closet_lemuel, serial_bayou_pond_d, minmay_misc_feat_room

Skill      XL: |  1  2  3  4  5  6  7 |
---------------+----------------------+-----
Fighting       | 1 2 |  2.0
Unarmed Combat | 1 2 3 4 5 6 7 |  7.0
Armour         | 1 3 |  3.0
Short Blades   | |  0.8
Dodging        | |  1.7
Stealth        | |  3.2
Spellcasting   | |  1.7
Hexes          | |  2.4

Action                   |  1- 3 |  4- 6 |  7- 9 || total
-------------------------+-------+-------+-------++-------
Melee: Dagger            |    34 |       |       ||    34
       Short sword       |    94 |   230 |    36 ||   360
       Punch             |     3 |     5 |     2 ||    10
       Unarmed           |       |    13 |     1 ||    14
  Use: Potion            |       |       |     2 ||     2
 Stab: Sleeping          |     6 |     6 |       ||    12
       Distracted        |     1 |       |       ||     1
       Invisible         |       |       |     1 ||     1
Armor: Robe              |     4 |       |       ||     4
       Leather armour    |    29 |    28 |       ||    57
       Ring mail         |       |    95 |    19 ||   114
Dodge: Dodged            |    66 |   150 |    28 ||   244
